Get step-by-step instructions on how to execute this build order below. Start the game timer, and the build order will tick by so you can play in parallel with StarCraft on a second screen or mobile device.

Game Time

  0:00

Last Step

  N/A

Next Step

Upcoming Step



Don't want to look back and forth between 2 screens? Try out our Overwolf App, the Spawning Tool Build Advisor to get an in-game overlay with this build!

Complete Build Order

  12  0:00  SCV  
  13  0:12  SCV  
  14  0:17  Supply Depot  
  14  0:24  SCV  
  15  0:39  Barracks, SCV  
  16  0:45  Refinery  
  16  0:51  SCV  
  16  0:52  Refinery  
  17  1:03  SCV  
  18  1:15  SCV  
  19  1:26  Reaper  
  19  1:27  Orbital Command  
  19  1:32  Supply Depot  
  20  1:44  Factory  
  20  1:53  SCV  
  21  1:58  Reaper  
  22  2:05  SCV  
  23  2:16  Command Center  
  23  2:20  SCV  
  24  2:27  Hellion  
  26  2:32  SCV  
  26  2:33  Reaper  
  24  2:44  SCV  
  24  2:56  SCV  
  24  2:58  Hellion  
  26  3:05  Reaper  
  24  3:08  SCV  
  21  3:21  SCV  
  19  3:30  Cyclone  
  19  3:33  SCV  
  21  3:45  SCV  
  20  3:57  SCV  
  22  4:04  Starport  
  22  4:09  SCV  
  23  4:11  Barracks Reactor, Factory Reactor  
  20  4:21  SCV  
  21  4:36  Factory Tech Lab, Refinery